Map: Rhoskallian EE

Players

LastStarlord - Winner!

  • Race: Terran Terran
  • League: Silver
  • Spawn Location: 11:00

AlanSama - Winner!

  • Race: Terran Terran
  • League: Silver
  • Spawn Location: 12:00

MrFercho

  • Race: Zerg Zerg
  • League: Silver
  • Spawn Location: 5:00

TATORREA

  • Race: Protoss Protoss
  • League: Silver
  • Spawn Location: 6:00

VOD

Have the link to the VOD?

Description

Time

  • Played on: May 30, 2020, 9:34 p.m.
  • Length: 7:17
Show
View Real Time Build Order
Export as new Build Order

LastStarlord Terran - Winner!

Build Orders:  

Get SALT Encoding   

  12  0:01  SCV  
  13  0:17  Supply Depot  
  13  0:18  SCV  
  14  0:31  SCV  
  15  0:41  Barracks  
  15  0:43  Refinery  
  15  0:46  SCV  
  16  1:02  SCV  
  17  1:17  SCV  
  18  1:29  Reaper  
  19  1:37  SCV  
  20  1:49  SCV  
  21  1:57  Command Center  
  21  1:58  Refinery  
  21  2:01  SCV  
  21  2:06  Factory  
  22  2:29  Barracks Reactor  
  22  3:00  Factory Tech Lab  
  22  3:05  Starport  
  22  3:08  Marine x2  
  24  3:18  Supply Depot  
  24  3:23  Orbital Command  
  24  3:26  Marine x2  
  26  3:41  Supply Depot, Siege Tank  
  29  3:44  Starport Reactor, Marine x2  
  31  3:52  Supply Depot  
  31  3:57  SCV  
  31  4:01  Marine  
  31  4:02  Marine  
  33  4:03  SCV  
  33  4:04  Supply Depot  
  33  4:09  SCV  
  35  4:19  Marine  
  35  4:20  Supply Depot, Marine  
  35  4:21  Medivac  
  39  4:25  Medivac  
  41  4:37  SCV  
  42  4:43  SCV  
  43  4:48  Refinery  
  43  4:55  SCV  
  44  5:07  SCV  
  44  5:11  Marine x2  
  47  5:16  Siege Tank  
  50  5:24  Engineering Bay  
  50  5:29  Marine x2, Engineering Bay  
  52  5:46  Marine  
  52  5:47  Marine  
  52  5:48  Siege Tank  
  57  6:04  Marine x2  
  58  6:44  Marine  
  58  6:45  Marine  
Show
View Real Time Build Order
Export as new Build Order

AlanSama Terran - Winner!

Build Orders:  

Get SALT Encoding   

  12  0:14  Supply Depot  
  12  0:19  Refinery  
  12  0:45  Barracks  
  12  1:03  SCV  
  12  1:33  Refinery  
  12  1:34  Reaper  
  13  1:42  Orbital Command  
  13  2:00  Factory  
  14  2:10  Barracks Tech Lab  
  14  2:14  SCV  
  14  2:27  SCV  
  15  2:56  Marauder  
  15  2:58  Factory Tech Lab  
  17  3:02  SCV  
  18  3:08  Supply Depot  
  18  3:14  SCV  
  19  3:20  Siege Tank  
  22  3:31  Supply Depot  
  22  3:34  Marauder  
  24  3:45  SCV  
  25  3:56  Marauder  
  25  3:57  SCV  
  28  4:09  Siege Tank  
  31  4:17  Marauder  
  33  4:38  Marauder  
  35  4:59  Command Center  
  37  5:00  Marauder  
  37  5:15  SCV  
  37  5:19  Cyclone  
  43  5:21  Marauder  
  43  5:27  SCV  
  46  5:43  Marauder  
  46  6:00  Cyclone  
  48  6:11  Marauder, Supply Depot  
  50  6:33  Marauder  
  53  6:54  Marauder  
Show
View Real Time Build Order
Export as new Build Order

MrFercho Zerg 

Build Orders: Hatch First 

Get SALT Encoding   

  12  0:01  Drone  
  13  0:11  Drone  
  14  0:30  Extractor  
  14  0:31  Extractor, Drone  
  14  0:32  Drone  
  16  0:46  Overlord  
  16  1:09  Hatchery  
  15  1:19  Drone x3  
  18  1:27  Spawning Pool  
  17  1:37  Extractor  
  16  1:42  Extractor  
  15  1:48  Drone  
  15  1:49  Drone  
  17  1:57  Overlord  
  17  2:18  Drone x2  
  17  2:19  Hatchery  
  18  2:29  Zergling x2  
  20  2:30  Zergling x2  
  20  2:48  Zergling x8  
  24  3:18  Metabolic Boost  
  24  3:26  Roach Warren  
  23  3:30  Baneling Nest  
  23  3:31  Drone x6  
  28  3:34  Drone  
  29  3:55  Drone x4  
  33  3:56  Extractor  
  33  3:58  Extractor  
  31  4:15  Evolution Chamber  
  31  4:16  Lair  
  30  4:19  Queen  
  30  4:22  Drone  
  33  4:25  Drone  
  33  4:27  Drone  
  33  4:30  Drone  
  36  4:33  Drone  
  37  4:42  Drone  
  37  4:43  Drone x2  
  40  4:49  Drone x2  
  42  4:53  Overlord  
  42  5:12  Pneumatized Carapace  
  42  5:25  Hydralisk Den  
  41  5:28  Infestation Pit  
  41  5:31  Centrifical Hooks  
  35  5:49  Spine Crawler  
  34  5:51  Spine Crawler  
  33  6:00  Roach x8  
  49  6:14  Overlord  
  49  6:16  Overlord x2  
  33  6:42  Zergling x2  
  33  6:43  Zergling x12  
  38  6:52  Drone  
  38  6:53  Drone  
Show
View Real Time Build Order
Export as new Build Order

TATORREA Protoss 

Build Orders:  

Get SALT Encoding   

  12  0:02  Probe  
  13  0:18  Probe  
  14  0:27  Pylon  
  14  0:30  Probe  
  15  0:45  Probe  
  16  0:57  Probe  
  16  1:00  Gateway  
  17  1:04  Gateway  
  17  1:11  Assimilator  
  17  1:23  Probe  
  18  1:58  Probe  
  19  2:08  Assimilator  
  19  2:10  Probe  
  19  2:14  Pylon  
  20  2:24  Cybernetics Core  
  20  2:27  Gateway  
  20  2:28  Gateway  
  20  2:30  Gateway  
  20  2:50  Probe  
  21  2:53  Pylon  
  21  3:08  Stalker x2  
  25  3:17  Stalker  
  27  3:26  Stalker  
  29  3:43  Warp Gate  
  29  4:00  Nexus  
  29  4:05  Probe  
  29  4:09  Stalker  
  32  4:14  Stalker  
  34  4:17  Probe  
  34  4:22  Stalker  
  37  4:27  Zealot  
  39  4:48  Pylon  
  39  5:00  Pylon  
  39  5:03  Pylon  
  39  5:06  Probe, Zealot  
  42  5:18  Probe  
  43  5:22  Twilight Council  
  43  5:29  Probe  
  43  5:30  Probe  
  45  5:41  Probe  
  46  5:43  Probe  
  46  5:49  Pylon  
  47  5:53  Probe  
  47  5:55  Probe  
  31  6:05  Probe  
  31  6:06  Stalker x3  
  31  6:07  Stalker, Probe  
  31  6:10  Stalker  
Tags
 
Add a new tag
Caveats
  • Supply blocks, unpowered buildings, or Contaminate may cause inaccurate times.
  • Supply counts are checked every 10 seconds.